[Event "*** Titled Tuesday Blitz"]
[Site "Chess.com"]
[Date "2021.02.02"]
[Round "1"]
[White "ketster"]
[Black "JonahWillow"]
[Result "0-1"]
[WhiteElo "2376"]
[BlackElo "2702"]
[TimeControl "180+1"]
[EndTime "10:08:17 PST"]
[Termination "JonahWillow won by resignation"]

1. d4 Nf6 2. c4 c5 3. d5 d6 4. Nc3 e6 5. e4 exd5 6. exd5 g6 7. Bd3 Bg7 8. Nge2 O-O 9. Bg5 Re8 10.
O-O Nbd7 11. f4 Qc7 12. Ng3 h6 13. Bh4 a6 14. Qd2 Nh7 15. Rae1 Rxe1 16. Rxe1 Ndf6 17.
Nge4 Nxe4 18. Rxe4 Bf5 19. Re7 Qd8 20. Bxf5 gxf5 21.
Qe1 Bf6 22. Qg3+ Kf8 23. Bxf6 Nxf6 24. Re1 Rb8 25. a4 Qd7 26. h3 Re8 27. Re3 Ne4 28. Qf3 Qe7 29. Nxe4 fxe4 30. Qh5 Qf6 31. g3 Qd4 32.
Qe2 f5 33. Kg2 Kg7 34. g4 Qf6 35. Rg3 Kh7 36. g5 Qg6 37. gxh6 Qxh6 38. Rg5 Rg8 39. Rxg8 Kxg8 40. Qe3 Qg6+ 41. Kh2 Qf6 42. Qg3+ Kf7 43. Qg2 Qd4 44. Qg5 Qxb2+ 45. Kg3 Qc3+ 46. Kh4 Qf6 47. Qxf6+ Kxf6 48. Kg3 Kg6 49. Kf2 Kh5 50. Kg3 Kh6 51. a5 Kh5 52. Kg2 Kh4 53. Kh2 e3 54. Kg2 e2 55.
Kf2 Kxh3 56. Kxe2 Kg4 57. Ke3 Kg3 0-1

[Event "*** Titled Tuesday Blitz"]
[Site "Chess.com"]
[Date "2021.02.02"]
[Round "1"]
[White "juancruzarias"]
[Black "Darius321"]
[Result "1-0"]
[WhiteElo "2581"]
[BlackElo "2275"]
[TimeControl "180+1"]
[EndTime "10:08:17 PST"]
[Termination "juancruzarias won on time"]

1. d4 d5 2. Nf3 e6 3. e3 c5 4. c3 Nc6 5. Nbd2 Nf6 6. Bd3 Bd6 7.
O-O O-O 8. Qe2 e5 9. dxc5 Bxc5 10. e4 Qc7 11. exd5 Nxd5 12. Bxh7+ Kxh7 13. Qe4+ Kg8 14. Qxd5 Bb6 15. Ne4 Bg4 16. Bg5 Bxf3 17. gxf3 Ne7 18. Qd6 Nf5 19. Qxc7 Bxc7 20. Rfd1 f6 21. Be3 Rfd8 22.
Kf1 Kf7 23. Ke2 Bb6 24. Ng3 Nd6 25. b3 Nb5 26. Rxd8 Rxd8 27. Rc1 Rh8 28. a4 Bxe3 29. Kxe3 Nd6 30. Rd1 Ke6 31. h4 g6 32. Rh1 a5 33. f4 exf4+ 34. Kxf4 g5+ 35. Kg4 gxh4 36. Rxh4 f5+ 37. Kh3 Rxh4+ 38. Kxh4 b5 39. axb5 Nxb5 40. Ne2 Ke5 41. Kg5 Ke4 42. c4 Nc7 43. Ng3+ Kf3 44. Nxf5 Kxf2 45. Kf4 Ke2 46. Ke4 Kd2 47. Nd4 Kc3 48. c5 Kb4 49. c6 Kc5 50. Ke5 Na6 51. Ke4 Kb6 52. Kd5 Kc7 53. Ne6+ Kb6 54. Nd4 Kc7 55.
Kc4 Nb4 56. Kb5 1-0

[Event "*** Titled Tuesday Blitz"]
[Site "Chess.com"]
[Date "2021.02.02"]
[Round "1"]
[White "utsavp"]
[Black "KNCP_719"]
[Result "0-1"]
[WhiteElo "2306"]
[BlackElo "2606"]
[TimeControl "180+1"]
[EndTime "10:08:18 PST"]
[Termination "KNCP_719 won on time"]

1. e3 Nf6 2. d4 d5 3. Nf3 Bg4 4.
Bd3 Nbd7 5. h3 Bh5 6. Nbd2 e6 7. O-O Bd6 8. Re1 O-O 9. c4 c6 10. b3 Re8 11. Bb2 a5 12. Qc2 Bg6 13. e4 dxe4 14.
Nxe4 Nxe4 15. Bxe4 Nf6 16. Bxg6 hxg6 17. Rad1 Qc7 18.
Qb1 a4 19. Bc3 axb3 20. axb3 b5 21. Qd3 bxc4 22. bxc4 Ra3 23. Ra1 Rea8 24. Rxa3 Rxa3 25. Ra1 Rxa1+ 26. Bxa1 Qa5 27. Qc3 Qa4 28. g3 Qd1+ 29.
Kg2 Qe2 30. Nd2 c5 31. d5 exd5 32. cxd5 Kh7 33. g4 Qe1 34. Nc4 Qe4+ 35. Kf1 Qh1+ 36. Ke2 Qxd5 37. Ne3 Qe4 38. Kf1 Bf4 39. Nd1 Qh1+ 40.
Ke2 Qe4+ 41. Kf1 c4 42. f3 Qd5 43. Ke2 Qe6+ 44. Kf1 Qd5 45. g5 Qxg5 46. Nf2 Qg3 47.
Ne4 Qxh3+ 48. Ke2 Qg2+ 49. Nf2 Bg3 50. Qd4 Bxf2 0-1

[Event "*** Titled Tuesday Blitz"]
[Site "Chess.com"]
[Date "2021.02.02"]
[Round "1"]
[White "doons21"]
[Black "HanSchut"]
[Result "1-0"]
[WhiteElo "2552"]
[BlackElo "2241"]
[TimeControl "180+1"]
[EndTime "10:08:18 PST"]
[Termination "doons21 won on time"]

1. e4 c5 2. c3 g6 3. d4 cxd4 4. cxd4 d5 5. exd5 Nf6 6. Bb5+ Bd7 7. Bc4 Bg7 8. Nc3 O-O 9. Nf3 Bg4 10. h3 Bxf3 11.
Qxf3 Nbd7 12. Bb3 Nb6 13. O-O Qd7 14. Bf4 Rad8 15. d6 exd6 16. Bg5 Qf5 17. Qxf5 gxf5 18. Rfe1 Rd7 19. Bc2 Ne4 20. Nxe4 fxe4 21. Rxe4 h6 22. Bh4 d5 23. Rg4 Kh8 24. Re1 Nc4 25. b3 Nd6 26. Bd3 a6 27. Rf4 Rc7 28. Bf6 Rc3 29. Bf1 Ne4 30. Bxg7+ Kxg7 31. Rf5 Rd8 32. f3 Nf6 33. Re7 Rc1 34. Rxb7 Re8 35. Kf2 Rc2+ 36. Kg3 Kg6 37. Bd3 Rd2 38. Rb6 Rxd3 39. Rbxf6+ Kg7 40. Rxf7+ Kg8 41. R7f6 Kg7 42. Rd6 Re7 43.
Rdxd5 Rd2 44. Rd6 Ree2 45. Re5 Rxg2+ 46. Kf4 Rde2 47. Rxe2 Rxe2 48. Rxa6 Rd2 49. Ke4 Rh2 50. d5 Rxh3 51. Ke5 Rh1 52. Ra7+ Kg6 53. d6 Re1+ 54. Kd5 Kf6 55. Kc6 Rc1+ 56. Kd7 h5 57. Ra5 Kg6 58. Ke6 h4 59. d7 Rd1 60. Rd5 Re1+ 61.
Kd6 1-0

[Event "*** Titled Tuesday Blitz"]
[Site "Chess.com"]
[Date "2021.02.02"]
[Round "1"]
[White "serhanberat_ozdemir"]
[Black "Raja3401"]
[Result "1-0"]
[WhiteElo "2420"]
[BlackElo "2759"]
[TimeControl "180+1"]
[EndTime "10:08:21 PST"]
[Termination "serhanberat_ozdemir won by resignation"]

1. e4 c5 2. Nf3 d6 3. d4 cxd4 4. Nxd4 Nf6 5. Nc3 a6 6. f3 e5 7.
Nb3 Be6 8. Be3 Be7 9. Qd2 Nbd7 10. O-O-O h5 11. Kb1 Rc8 12. Qf2 Rxc3 13. bxc3 Qc7 14.
c4 O-O 15. h4 Bxc4 16. Bxc4 Qxc4 17. Qf1 Qc6 18. Qd3 Rc8 19. c4 Qa4 20. Rc1 a5 21.
Rhd1 b6 22. Na1 Nb8 23. Bg5 Na6 24. Qb3 Qc6 25. Nc2 Nc5 26. Qb5 Qa8 27. Ne3 Ne6 28.
Nf5 Bf8 29. Bxf6 gxf6 30. Ka1 a4 31. Qd5 Qa6 32. Rg1 Rc5 33. Qd2 Rxc4 34. g4 Rxc1+ 35. Qxc1 Qe2 36. Qe3 Qh2 37. gxh5+ Kh7 38. Rc1 Nc5 39.
Qc3 Qe2 40. Qc4 Qxc4 41. Rxc4 Nd3 42. Rc8 Bg7 43. Rc7 Kg8 44. h6 Bf8 45. Rc8 Nf4 46. h7+ Kxh7 47. Rxf8 d5 48. Rxf7+ Kg6 49. Rg7+ Kh5 50.
exd5 Nxd5 51. Kb2 b5 52. a3 Nf4 53. Rb7 Nd3+ 54. Kc3 Ne1 55. Rxb5 Nxf3 56. Rb4 Ng1 57. Ng3+ Kg6 58. Rxa4 Nf3 59. Rb4 Nd4 60. Rxd4 exd4+ 61.
Kxd4 1-0

[Event "*** Titled Tuesday Blitz"]
[Site "Chess.com"]
[Date "2021.02.02"]
[Round "1"]
[White "Forantes"]
[Black "LawrenceTrent"]
[Result "0-1"]
[WhiteElo "2260"]
[BlackElo "2573"]
[TimeControl "180+1"]
[EndTime "10:08:23 PST"]
[Termination "LawrenceTrent won by resignation"]

1. Nf3 g6 2. g3 Bg7 3. Bg2 Nf6 4.
O-O O-O 5. b3 d6 6. d4 e5 7. dxe5 Ng4 8. Bb2 Nc6 9. c4 Ngxe5 10.
Nc3 Bg4 11. Nxe5 Bxe5 12. Qd2 Qd7 13. Rfd1 Rae8 14. Ne4 Qe7 15. h3 Bc8 16. Bxe5 Qxe5 17. Qc3 f5 18. Qxe5 Rxe5 19. Nc3 f4 20. Bd5+ Kg7 21.
g4 h5 22. f3 hxg4 23. hxg4 Ne7 24. Kf2 Re8 25. Be4 Ng8 26. Nb5 Nf6 27. Bd3 R8e7 28.
Nxa7 Bd7 29. Nb5 Bxb5 30. cxb5 Nd5 31. Rac1 Nb4 32. Be4 d5 33. Bb1 Rxe2+ 34. Kf1 Nxa2 35. Bxa2 Rxa2 36. Rxd5 Rb2 37. Rdc5 Rxb3 38. Rxc7 Rxf3+ 39. Kg2 Rg3+ 40. Kf2 Rxc7 41. Rxc7+ Kf6 42. Rxb7 Rxg4 43. b6 Rg3 44. Rb8 Rb3 45. b7 Kg5 46. Kg2 Kg4 47. Rg8 Rb2+ 48. Kg1 Rxb7 49. Rxg6+ Kf3 50. Rc6 Rb1+ 51. Kh2 Re1 52. Rc3+ Re3 53. Rc1 Kf2 54. Rc4 f3 55. Rf4 Ke2 56. Kg1 Re8 57. Rf7 Rg8+ 58.
Kh2 Kf2 59. Kh3 Ke2 60. Kh2 f2 61. Re7+ Kf1 62. Rf7 Rg5 63. Kh3 Kg1 64. Rf3 f1=Q+ 65.
Rxf1+ Kxf1 66. Kh2 Rg8 67. Kh3 Kf2 0-1

[Event "*** Titled Tuesday Blitz"]
[Site "Chess.com"]
[Date "2021.02.02"]
[Round "1"]
[White "ViktoriyaTarasova"]
[Black "vladjianu"]
[Result "1/2-1/2"]
[WhiteElo "2299"]
[BlackElo "2584"]
[TimeControl "180+1"]
[EndTime "10:08:24 PST"]
[Termination "Game drawn by agreement"]

1. d4 Nf6 2. c4 e6 3. Nc3 Bb4 4. Nf3 O-O 5. Qc2 d5 6. cxd5 exd5 7. Bg5 h6 8. Bh4 c5 9. e3 Nc6 10. dxc5 Be6 11. Be2 Bxc5 12. O-O Rc8 13. Rfd1 Be7 14. a3 Ne4 15. Bxe7 Nxe7 16. Nd4 Qa5 17. Nb3 Qb6 18. Rac1 Nf5 19. Bd3 Nfd6 20. Nd4 Rfe8 21. Qb3 Qxb3 22. Nxb3 Nxc3 23. bxc3 Kf8 24. Nd4 Rc5 25.
Rc2 Rec8 26. Rdc1 Ra5 27. Ra1 Ke7 28. f4 g6 29. Kf2 Nc4 30. Bxc4 Rxc4 31. Ke2 Rca4 32.
Rca2 Rc5 33. Kd2 Rac4 34. Rc2 b6 35. Rb1 Bd7 36. Nb3 Rc8 37. Nd4 Kd6 38. Rcc1 g5 39. g3 Rg8 40. Rb4 Rc5 41. Kd3 f6 42. c4 Rgc8 43.
a4 h5 44. fxg5 fxg5 45. Rf1 dxc4+ 46. Kc3 Ke7 47. e4 Re5 48. Rxc4 Rxc4+ 49. Kxc4 Rxe4 50.
Kd5 Re3 51. Nf5+ Bxf5 52. Rxf5 h4 53. Rxg5 hxg3 54. hxg3 Ra3 55. Rg7+ Kf6 56. Rxa7 Rxg3 57. Kc6 Rb3 58. Ra6 Ke7 59. Rxb6 Ra3 60. Rb4 Kd8 61. Kb6 Kc8 62. a5 Kb8 63. a6 Rh3 64. Rb5 Rh6+ 65.
Ka5+ Ka7 66. Rg5 Rxa6+ 67. Kb5 Rb6+ 1/2-1/2

[Event "*** Titled Tuesday Blitz"]
[Site "Chess.com"]
[Date "2021.02.02"]
[Round "1"]
[White "slavenok"]
[Black "Mimsychess"]
[Result "1-0"]
[WhiteElo "2706"]
[BlackElo "2378"]
[TimeControl "180+1"]
[EndTime "10:08:25 PST"]
[Termination "slavenok won on time"]

1. e4 e5 2. d4 exd4 3. Nf3 Nc6 4. Bc4 Nf6 5. Qe2 d6 6. h3 Be7 7. O-O O-O 8. Rd1 Ne5 9. Rxd4 Nxc4 10. Rxc4 Be6 11.
Rd4 Nd7 12. Nc3 c6 13. Bf4 Qb6 14. Rb1 Ne5 15. Rdd1 Bc4 16. Qe3 Qxe3 17. Bxe3 Nxf3+ 18. gxf3 b5 19. b3 Be6 20. Kg2 f5 21. Re1 Bf6 22. Bd2 b4 23. Ne2 fxe4 24. fxe4 a5 25. Bf4 d5 26. e5 Be7 27. Bg3 c5 28. Nf4 Ra6 29. Rbd1 d4 30. Nxe6 Rxe6 31. f4 a4 32.
Kf3 g6 33. Ke4 axb3 34. axb3 Ra8 35. Ra1 Rea6 36. Rxa6 Rxa6 37. Kd3 Kf7 38. Kc4 Ke6 39. Re2 Ra2 40. Rd2 Kf5 41. Re2 h5 42. Bh2 g5 43. fxg5 Kxg5 44. e6 Kf5 45. Bc7 Ra1 46. Bb6 Rc1 47. Kd5 d3 48. cxd3 Rc3 49. Rf2+ Kg6 50.
Rf3 Rxb3 51. Bxc5 Bxc5 52. Kxc5 Rc3+ 53. Kd4 Rc6 54. Kd5 Rc8 55. d4 Rb8 56. Rb3 Kf6 57.
Rf3+ Ke7 58. Rf7+ Ke8 59. Ke5 Rb5+ 60. d5 b3 61. Rf1 b2 62. Rb1 Rb3 63. h4 Rb5 64.
Kd6 Rb6+ 65. Kc5 Rb3 66. d6 Rc3+ 67. Kd5 Rd3+ 68. Ke5 Re3+ 69. Kf5 Rf3+ 70. Kg5 Re3 71. Rxb2 Rxe6 72. Rd2 Re5+ 73. Kf6 Re1 74. Rd5 Kd7 75. Kg6 1-0

[Event "*** Titled Tuesday Blitz"]
[Site "Chess.com"]
[Date "2021.02.02"]
[Round "1"]
[White "Onischuk_V"]
[Black "GameOverBro"]
[Result "1-0"]
[WhiteElo "2824"]
[BlackElo "2422"]
[TimeControl "180+1"]
[EndTime "10:08:26 PST"]
[Termination "Onischuk_V won on time"]

1. e4 d6 2. d4 Nf6 3. Nc3 e5 4. Nf3 Nbd7 5. g3 c6 6. Bg2 b5 7. O-O Bb7 8. Re1 Be7 9. a3 a5 10. h3 h5 11. Bg5 O-O 12. dxe5 dxe5 13. Nh4 g6 14. Qd2 Nc5 15. Qe3 Ne6 16. Rad1 Qc7 17.
Bh6 Bc5 18. Qc1 Rfd8 19. Nf3 b4 20. Na4 Ba7 21. axb4 axb4 22. b3 c5 23. Nd2 Bc6 24. Nb2 Nd4 25. Bg5 Qe7 26. Ndc4 Qe6 27. Nd3 Nd7 28.
Bxd8 Rxd8 29. f4 exf4 30. Nxf4 Qf6 31. e5 Nxe5 32. Nxe5 Bxg2 33. Kxg2 Bb8 34. Qe3 Re8 35. Nfd3 Nxc2 36. Qxc5 Nxe1+ 37. Rxe1 Bd6 38. Qd5 Rd8 39. Nc6 Rd7 40. Nde5 Rc7 41. Rf1 Qe6 42. Qxe6 fxe6 43. Rd1 Bxe5 44. Nxe5 Rc2+ 45. Kf3 Rb2 46. Rd3 Kg7 47.
Nc6 Kf6 48. Nxb4 e5 49. Nd5+ Kf5 50. Ne3+ Ke6 51. Rd6+ Kf7 52. Rb6 g5 53. Ke4 h4 54.
gxh4 gxh4 55. Nf5 Rh2 56. Nxh4 Rxh3 57. Nf3 Rh5 58. b4 Ke8 59. Rd6 Rh3 60. b5 Rh1 61. b6 Rb1 62. Kd5 Rb5+ 63. Kc6 1-0

[Event "*** Titled Tuesday Blitz"]
[Site "Chess.com"]
[Date "2021.02.02"]
[Round "1"]
[White "Deepweb2020"]
[Black "Kobalia"]
[Result "1-0"]
[WhiteElo "2395"]
[BlackElo "2682"]
[TimeControl "180+1"]
[EndTime "10:08:26 PST"]
[Termination "Deepweb2020 won on time"]

1. d4 Nf6 2. c4 g6 3. Nf3 Bg7 4. g3 O-O 5. Bg2 d6 6. O-O Nbd7 7. Nc3 e5 8. e4 a6 9. h3 exd4 10. Nxd4 Ne5 11. b3 c5 12. Nc2 b5 13. f4 Nc6 14. e5 Bxh3 15. Bxh3 dxe5 16. Qxd8 Raxd8 17. cxb5 axb5 18. Bb2 exf4 19. gxf4 Rd3 20. Bg2 Ng4 21.
Rad1 Rxd1 22. Rxd1 Nd4 23. Rd2 Nxc2 24. Rxc2 Bd4+ 25. Kh1 Re8 26. Ne4 f5 27. Bxd4 cxd4 28. Ng3 Re1+ 29. Bf1 Ne3 30. Rc8+ Kg7 31. Kg1 h5 32. Kf2 Ra1 33. Be2 Rxa2 34. Rd8 h4 35. Nf1 h3 36. Nxe3 dxe3+ 37. Kxe3 h2 38. Rd1 Rb2 39. Rh1 Rxb3+ 40. Kf2 Rb4 41. Kg3 Rb3+ 42. Bf3 Rb2 43. Rxh2 Rxh2 44. Kxh2 b4 45. Bd1 Kf6 46. Kg3 Ke6 47. Kh4 Kd5 48. Kg5 Ke4 49. Bb3 Ke3 50. Bf7 Kf3 51. Bxg6 b3 52. Bxf5 b2 53. Bb1 Ke3 54.
f5 1-0

[Event "*** Titled Tuesday Blitz"]
[Site "Chess.com"]
[Date "2021.02.02"]
[Round "1"]
[White "Gusarov91"]
[Black "Bastiandash"]
[Result "0-1"]
[WhiteElo "1200"]
[BlackElo "2478"]
[TimeControl "180+1"]
[EndTime "10:08:26 PST"]
[Termination "Bastiandash won by resignation"]

1. d4 Nf6 2. Nf3 e6 3. c4 Bb4+ 4. Bd2 a5 5. g3 O-O 6. Bg2 Qe7 7.
O-O Bxd2 8. Qxd2 d6 9. Nc3 Nbd7 10. Nb5 Nb6 11. Rac1 c6 12. Na3 Nbd7 13. Qc2 e5 14. e3 Re8 15. Rfe1 Nf8 16. h3 Ng6 17. c5 d5 18. dxe5 Nxe5 19. Nd4 Ng6 20. Nb1 Ne4 21. Nd2 f5 22. N2f3 Qf6 23. b3 Bd7 24. a3 Ne5 25. Nxe5 Qxe5 26. b4 axb4 27. axb4 Ra3 28. Nf3 Qf6 29.
Red1 Rea8 30. b5 Ra2 31. Qb3 Rxf2 32. Nd4 Raa2 33. Rc2 Nxc5 34. Rxa2 Nxb3 35. Rxf2 Nc5 36. bxc6 bxc6 37. g4 g6 38. Ra1 Qe5 39. Ra8+ Kg7 40. gxf5 Qxe3 41. f6+ Kf7 42. Nc2 Qc1+ 43. Kh2 Ne6 44.
Ra7 Nf8 45. Rb7 Qg5 46. Kg1 Qe5 47. h4 h6 48. Bh3 Qg3+ 49. Bg2 Qxh4 50. Ne3 Qd4 51. Nf1 g5 52. Bh3 g4 53. Bg2 h5 54.
Rb2 h4 55. Kh1 h3 56. Bxh3 gxh3 57. Rf3 Qe4 58. Rf2 c5 59. Nh2 d4 60. Kg1 Bc6 61.
Rf1 Ng6 62. Kf2 Ne5 63. Kg3 Nxf3 64. Rxf3 Qxf3+ 65. Nxf3 Bxf3 66. Kxh3 Kxf6 67. Kg3 Ke5 68. Kf2 Ke4 69. Ke1 Ke3 70. Kf1 d3 0-1

[Event "*** Titled Tuesday Blitz"]
[Site "Chess.com"]
[Date "2021.02.02"]
[Round "1"]
[White "kekic76"]
[Black "elcandado"]
[Result "1-0"]
[WhiteElo "2377"]
[BlackElo "2652"]
[TimeControl "180+1"]
[EndTime "10:08:27 PST"]
[Termination "kekic76 won on time"]

1. e4 d6 2. d4 Nf6 3. Nc3 e5 4. dxe5 dxe5 5. Qxd8+ Kxd8 6. Bc4 Ke8 7. f3 a6 8. Nd5 Nxd5 9. Bxd5 c6 10. Bb3 a5 11. a3 Nd7 12. Be3 Bc5 13. Ke2 Bxe3 14. Kxe3 Nc5 15. Ba2 Ke7 16. Ne2 h5 17. h4 Be6 18.
Bxe6 Nxe6 19. c3 a4 20. Rad1 Rhd8 21. g3 g6 22. Nc1 Nc5 23. Nd3 Nd7 24. Rd2 f6 25. Rhd1 Nb6 26. Ke2 Nc4 27. Rc2 Ra5 28.
Nf2 Rb5 29. Rxd8 Kxd8 30. Nd1 Ke7 31. Kd3 Rc5 32. Ne3 Nxe3 33. Kxe3 Rb5 34. Rd2 f5 35. Kd3 Ke6 36. Kc2 f4 37. gxf4 exf4 38. Rg2 Kf6 39. Rd2 g5 40. hxg5+ Rxg5 41. Kd3 Rg3 42. Rf2 h4 43. Ke2 Rg1 44. Rh2 Kg5 45. Kd3 Re1 46. Rg2+ Kh5 47. Rg7 h3 48. Rh7+ Kg6 49. Rxh3 Rb1 50. Rh4 Rxb2 51. Rxf4 Rb3 52. e5 Rb5 53.
Ke4 Rc5 54. Rf6+ Kg7 55. f4 Rxc3 56. f5 b5 57. Rg6+ Kf8 58. e6 Rc1 59. f6 Re1+ 60. Kf5 b4 61. Rh6 Kg8 62. f7+ Kg7 63. Rg6+ Kh7 64.
Rf6 1-0

[Event "*** Titled Tuesday Blitz"]
[Site "Chess.com"]
[Date "2021.02.02"]
[Round "1"]
[White "djano"]
[Black "MITerryble"]
[Result "0-1"]
[WhiteElo "2468"]
[BlackElo "2925"]
[TimeControl "180+1"]
[EndTime "10:08:32 PST"]
[Termination "MITerryble won by resignation"]

1. c4 e5 2. Nc3 Nc6 3. Nf3 f5 4. d4 e4 5. d5 exf3 6. dxc6 fxg2 7. cxd7+ Qxd7 8. Bxg2 Qxd1+ 9. Kxd1 c6 10. Kc2 Be6 11. b3 Nf6 12. Bf3 Bd6 13. Bg5 Be5 14. Rad1 h6 15. Be3 Kf7 16. Bd4 Bc7 17. h3 Rhd8 18. Na4 Nd7 19. Rhg1 g6 20. Nc5 Nxc5 21. Bxc5 a5 22.
a4 Rxd1 23. Rxd1 Re8 24. h4 Bd8 25. Be3 Kg7 26. h5 g5 27. Bd4+ Kf7 28. Bc3 Bc7 29.
e3 g4 30. Be2 Rg8 31. Rh1 Ke7 32.
b4 axb4 33. Bxb4+ Bd6 34. c5 Be5 35. a5 Bd5 36. Rg1 Rg5 37. Bd2 Kd7 38. e4 Bxe4+ 39. Bd3 Bxd3+ 40. Kxd3 Rxh5 41. Rb1 Rh3+ 42. Kc4 Kc8 43.
Re1 Bc7 44. Re8+ Kd7 45. Rf8 Rf3 46. Rf7+ Kd8 47. Bxh6 Bxa5 48. Rxb7 Rxf2 49. Kd4 g3 50. Ke5 g2 51. Kd6 Kc8 52. Rg7 Bd2 53. Kxc6 Kd8 54. Bxd2 Rxd2 55. Rg5 f4 56. Kb7 Rb2+ 57. Kc6 f3 58.
Rg8+ Ke7 59. Rg7+ Kf6 60. Rg3 Ke5 61. Rg5+ Kf4 62. Rg8 Ke3 63. Re8+ Kf2 0-1

[Event "*** Titled Tuesday Blitz"]
[Site "Chess.com"]
[Date "2021.02.02"]
[Round "1"]
[White "Vnebo"]
[Black "Chimpinha"]
[Result "1/2-1/2"]
[WhiteElo "2734"]
[BlackElo "2399"]
[TimeControl "180+1"]
[EndTime "10:08:34 PST"]
[Termination "Game drawn by repetition"]

1. c4 Nf6 2. g3 g6 3. Bg2 Bg7 4.
Nf3 O-O 5. O-O d6 6. d4 Nbd7 7. Nc3 e5 8. e4 exd4 9. Nxd4 Re8 10. h3 Nc5 11. Re1 Bd7 12. Bf4 h6 13. Qc2 Nfxe4 14. Nxe4 Bxd4 15. Bxh6 Bf5 16. Qd2 Bh8 17. Bg5 Nxe4 18.
Bxe4 Qc8 19. Bg2 Qd7 20. g4 Be6 21. Rac1 c6 22. b3 d5 23. Rcd1 d4 24. Qf4 c5 25. Bf6 Bxf6 26. Qxf6 Qe7 27. Qf4 Qf8 28. Re5 Rab8 29. Rde1 b6 30. Qf6 Bd7 31. f4 Rxe5 32.
Rxe5 Re8 33. Kf2 Rxe5 34. Qxe5 Qe8 35. Bd5 Qxe5 36. fxe5 Be6 37. Kf3 Kg7 38. h4 Kh6 39.
Kg3 g5 40. h5 Kg7 41. Kf3 Kh6 42. Kg3 Kg7 43. Kf3 Kh6 44. a3 a5 45. Kg3 Kg7 46.
Kf3 Kh6 47. Bxe6 fxe6 48. Ke4 Kg7 49. Kd3 Kh6 50. Kc2 Kg7 51. Kb2 Kh6 52. Kc1 Kg7 53. Kd2 Kh6 54. Kd3 Kg7 55. Ke2 Kh6 56.
Kf2 Kg7 57. Kf3 Kh6 58. Ke4 Kg7 59. b4 axb4 60. axb4 Kh6 61. Kd3 Kg7 62. Ke4 Kh6 63. Kd3 Kg7 64. b5 Kh6 65. Ke4 Kg7 66. Kd3 Kh6 67. Ke4 Kg7 68. Kd3 1/2-1/2

[Event "*** Titled Tuesday Blitz"]
[Site "Chess.com"]
[Date "2021.02.02"]
[Round "1"]
[White "TST2014"]
[Black "HrvojeZagreb"]
[Result "1-0"]
[WhiteElo "2545"]
[BlackElo "2229"]
[TimeControl "180+1"]
[EndTime "10:08:38 PST"]
[Termination "TST2014 won by resignation"]

1. d4 e6 2. c4 f5 3. Nf3 Nf6 4. g3 Be7 5. Bg2 O-O 6. O-O d6 7. b4 Ne4 8. Bb2 Bf6 9. Nfd2 Nxd2 10. Nxd2 e5 11. dxe5 dxe5 12. e4 f4 13. gxf4 exf4 14. e5 Be7 15. b5 Qe8 16. Bd5+ Kh8 17. Kh1 c6 18. Be4 Bf5 19. a4 Nd7 20. Rg1 Nc5 21.
Bxf5 Rxf5 22. Qf3 Rd8 23. Ne4 Qh5 24. Qxh5 Rxh5 25. Nxc5 Bxc5 26. Rad1 Re8 27. e6 Bf8 28.
Rd7 Rxe6 29. Bxg7+ Bxg7 30. Rdxg7 Re8 31. Rxb7 Rc5 32.
Rgg7 f3 33. Rxh7+ Kg8 34. Rhe7 Rxe7 35. Rxe7 Rxc4 36. h3 cxb5 37. axb5 Rb4 38. Rxa7 Rxb5 39. Ra3 Rf5 40. Kh2 Kg7 41. Kg3 Kg6 42. Rxf3 Rb5 43.
Kg2 Rb1 44. Rc3 Kh5 45. Rc5+ Kg6 46. h4 Kh6 47. Kg3 Kg7 48. Kg4 Kh7 49. Kh5 Kg7 50.
Rc7+ Kf8 51. f4 Rg1 52. f5 Kg8 53. Kh6 Kf8 54. h5 Rg2 55. f6 Rg1 56. Rg7 Rf1 57. Rg6 Kf7 58. Kg5 Rg1+ 59. Kh6 Rf1 60. Kh7 Rxf6 61.
Rg7+ Kf8 62. h6 Rf7 63. Kh8 Rf6 64. h7 Rh6 65. Rg8+ Kf7 66. Rg1 Rg6 67. Rxg6 Kxg6 68. Kg8 1-0

[Event "*** Titled Tuesday Blitz"]
[Site "Chess.com"]
[Date "2021.02.02"]
[Round "1"]
[White "Pintacara"]
[Black "Mazanchenko_Dmitry"]
[Result "1-0"]
[WhiteElo "2506"]
[BlackElo "2111"]
[TimeControl "180+1"]
[EndTime "10:08:38 PST"]
[Termination "Pintacara won on time"]

1. d4 g6 2. h4 Bg7 3. h5 d5 4. Nc3 Bg4 5. h6 Bf6 6. Bf4 Nc6 7. Nb5 e5 8. dxe5 Nxe5 9. c3 c6 10. Nd4 Qb6 11. Qc1 Ne7 12. e3 O-O 13. Ngf3 Bxf3 14.
Nxf3 Nxf3+ 15. gxf3 c5 16. Qc2 Rfe8 17. O-O-O d4 18.
Kb1 Nd5 19. Qb3 Qxb3 20. axb3 Nxf4 21. exf4 dxc3 22. bxc3 Bxc3 23. Bc4 Bd4 24. f5 Kf8 25. fxg6 fxg6 26. Rh4 Re5 27. f4 Rf5 28. Bd3 Rf6 29.
f5 gxf5 30. Rg1 Rf7 31. Rg5 Re8 32. Rxf5 Rxf5 33. Bxf5 Re1+ 34. Kc2 Re2+ 35. Kd3 Rxf2 36. Bxh7 Rf3+ 37. Ke4 Re3+ 38. Kf5 Rxb3 39. Bg6 Ke7 40. Re4+ Kd6 41. h7 Bg7 42. Re6+ Kd7 43. Be8+ Kd8 44.
Kg6 Rg3+ 45. Kf7 Bh8 46. Rd6+ Kc8 47. Kf8 Rg7 48. Bg6 Rxg6 49. Rxg6 c4 50. Kf7 Kc7 51.
Rg8 Bd4 52. Rg7 Bxg7 53. Kxg7 b5 54. h8=Q Kc6 55. Qh5 a5 56. Qe5 a4 57. Qd4 a3 58.
Qc3 Kc5 59. Qxa3+ b4 60. Qa5+ Kd4 61. Qxb4 Kd3 62. Qd6+ Kc2 63. Kf6 c3 64. Ke5 Kb1 65. Qb4+ 1-0

[Event "*** Titled Tuesday Blitz"]
[Site "Chess.com"]
[Date "2021.02.02"]
[Round "1"]
[White "Katheksis"]
[Black "Sibelephant"]
[Result "0-1"]
[WhiteElo "2474"]
[BlackElo "3050"]
[TimeControl "180+1"]
[EndTime "10:08:39 PST"]
[Termination "Sibelephant won by resignation"]

1. e4 c6 2. Nc3 d5 3. Nf3 Bg4 4. h3 Bxf3 5. Qxf3 Nf6 6. d3 e6 7.
Bd2 Qb6 8. O-O-O d4 9. Ne2 c5 10. g4 Nc6 11. g5 Nd7 12. Qg3 c4 13. dxc4 Nc5 14. Bg2 Qa6 15. Kb1 Qxc4 16. Nc1 Be7 17. h4 O-O-O 18. Nd3 Na4 19. e5 Kb8 20. Rc1 Rc8 21.
Qf3 Rhf8 22. Qe4 g6 23. Rh3 Qb5 24. Ka1 Rc7 25. Rf3 a5 26. Bf1 Qb6 27. Be2 Na7 28. h5 Nb5 29. hxg6 hxg6 30. Bd1 Ka7 31. Rb1 Rc6 32.
Qe1 Bd8 33. Rf4 Nc5 34. Nxc5 Rxc5 35. Rf3 Qc7 36. Rb3 Rxe5 37. Qf1 Qc6 38. Be2 Nc7 39. Bd3 a4 40. Ra3 Be7 41. f4 Rd5 42. Be4 Bxa3 43. bxa3 Rc8 44. Qd3 Qa6 45. Qxa6+ Kxa6 46. Rb4 b5 47. Bxd5 Nxd5 48. Rxd4 Rxc2 49. Bb4 Rc4 50. Rd1 Rxf4 51. Rc1 Nxb4 52. axb4 Rxb4 53. Rc7 Rf4 54. Kb2 b4 55. Re7 Rf2+ 56. Kb1 a3 57. Re8 Kb5 58. Rc8 Rb2+ 59. Ka1 Rg2 60. Kb1 Rxg5 61. Rc7 f5 62. Kc2 Rg2+ 63. Kd3 Rxa2 64. Rb7+ Ka4 65.
Kc4 Rc2+ 66. Kd3 Kb3 0-1

[Event "*** Titled Tuesday Blitz"]
[Site "Chess.com"]
[Date "2021.02.02"]
[Round "1"]
[White "Homino"]
[Black "Grandmaster2B"]
[Result "0-1"]
[WhiteElo "2304"]
[BlackElo "2604"]
[TimeControl "180+1"]
[EndTime "10:08:39 PST"]
[Termination "Grandmaster2B won on time"]

1. e4 c5 2. Nf3 d6 3. d4 cxd4 4. Nxd4 Nf6 5. Nc3 a6 6. Be2 e5 7. Nb3 Be7 8. O-O O-O 9. Kh1 Re8 10. f4 b5 11. Bf3 Bb7 12. a4 b4 13. Nd5 Nc6 14. Be3 Rb8 15. a5 exf4 16. Bxf4 Ne5 17.
Nd4 Nxd5 18. exd5 Bf6 19. Nf5 g6 20. Nh6+ Kg7 21. Ng4 Nxg4 22. Bxg4 Bxb2 23. Rb1 Be5 24. Qf3 f5 25. Bh3 Ba8 26. Rbd1 Rb5 27. Qg3 Kh8 28. Bxe5+ Rxe5 29. Qf2 Rxa5 30. Rfe1 Raxd5 31.
Rxd5 Bxd5 32. Qd4 Qf6 33. Rg1 a5 34. Qa7 Bg8 35. Qd7 Qe7 36. Qc6 Rc5 37. Qb6 Qc7 38. Qa6 Rxc2 39. Qf1 d5 40. Qa1+ Rc3 41. Rc1 d4 42. Rd1 Qc5 43. g3 Kg7 44. Bg2 Bd5 45. Qb2 Bxg2+ 46. Qxg2 b3 47. Qb7+ Kh6 48. Qb8 Qc6+ 49.
Kg1 Qc8 50. Qf4+ Kg7 51. Qxd4+ Kf7 52. Qd5+ Kg7 53. Qd4+ Kf8 54. Qd6+ Kf7 55. Qd5+ Qe6 56. Qb7+ Kf6 57. Qa7 Qe3+ 58. Qxe3 Rxe3 59. Rd6+ Ke5 60. Rb6 a4 61. Rb5+ Kd4 62. Rb4+ Kc3 63. Rxa4 b2 64.
Ra3+ Kd2 65. Ra2 Kc1 66. Rxb2 Kxb2 67. Kf2 Kc3 68. Kxe3 g5 69. h4 h6 0-1

[Event "*** Titled Tuesday Blitz"]
[Site "Chess.com"]
[Date "2021.02.02"]
[Round "1"]
[White "EugeneRougon"]
[Black "korkmaz16"]
[Result "1/2-1/2"]
[WhiteElo "2739"]
[BlackElo "2404"]
[TimeControl "180+1"]
[EndTime "10:08:40 PST"]
[Termination "Game drawn by stalemate"]

1. e4 c5 2. Nf3 e6 3. d4 cxd4 4.
Nxd4 Nf6 5. Nc3 Nc6 6. Nxc6 bxc6 7.
e5 Nd5 8. Ne4 Qa5+ 9. c3 Ba6 10.
Bd3 Bxd3 11. Qxd3 Qb5 12. Qc2 Be7 13. a4 Qa6 14. c4 Qa5+ 15. Bd2 Nb4 16. Qb1 Qxe5 17.
O-O Rb8 18. Bc3 Qf5 19. Bxg7 Rg8 20. Bc3 Qg6 21. g3 f5 22. Nd2 h5 23. Nf3 h4 24. Ne5 Qg5 25. Qd1 Rb7 26. Bd2 f4 27. Nf3 Qg4 28. Ne5 Qg5 29. Nf3 Qf5 30. Kg2 Nd3 31. Bc3 fxg3 32. fxg3 hxg3 33. hxg3 Nf4+ 34. Kf2 Nh3+ 35. Kg2 Nf4+ 36. Kf2 Bc5+ 37. Nd4 Nd3+ 38. Ke3 Rxg3+ 39. Rf3 Rxf3+ 40. Qxf3 Bxd4+ 41. Bxd4 Nxb2 42. Qxf5 exf5 43. Kf4 Nxc4 44. Kxf5 d5 45. Ke6 Re7+ 46. Kf6 a6 47. Rb1 Rd7 48. Ke6 Re7+ 49. Kf6 Re4 50. Bc5 Kd7 51. Rb7+ Kc8 52. Ra7 d4 53. Kf5 Re2 54. Bxd4 Nd6+ 55. Kf6 Re4 56. Bc5 Ne8+ 57. Kf5 Rc4 58. Be3 Nc7 59. Bb6 Nd5 60. a5 Nxb6 61.
axb6 Rb4 62. Rc7+ Kb8 63. Rxc6 Kb7 64. Rd6 Rxb6 65. Rxb6+ Kxb6 66. Ke4 Kb5 67. Kd3 Kb4 68. Kc2 Ka3 69. Kb1 a5 70. Ka1 a4 71. Kb1 Kb3 72. Ka1 a3 73. Kb1 a2+ 74. Ka1 Ka3 1/2-1/2